 Dungeon Crawl Stone Soup version 0.28.0-56-g4927b6849a (webtiles) character file.

Game seed: 10831907924987126819

789 Atelerd the Digger (level 7, 0/41 HPs)
             Began as an Octopode Earth Elementalist on Feb 1, 2023.
             Slain by an orc wizard
             ... wielding a +0 dagger
              (1 damage)
             ... on level 5 of the Dungeon.
             The game lasted 00:04:00 (4629 turns).

Atelerd the Digger (Octopode Earth Elementalist)    Turns: 4629, Time: 00:04:01

Health: 0/41       AC:  1    Str:  7    XL:     7   Next: 87%
Magic:  9/13       EV: 13    Int: 26    God:
Gold:   33         SH:  0    Dex: 12    Spells: 6/14 levels left

rFire   . . .      SeeInvis .   e - +0 dagger
rCold   . . .      Faith    .   (no shield)
rNeg    . . .      Spirit   .   (helmet restricted)
rPois   .          Reflect  .   (no amulet)
rElec   .          Harm     .   h - +6 ring of intelligence
rCorr   .          Rampage  .   (no ring)
Will    .....                   (no ring)
Stlth   +++.......              (no ring)
HPRegen 0.13/turn               (no ring)
MPRegen 0.13/turn               (no ring)
                                (no ring)
                                (no ring)

@: no status effects
A: almost no armour, amphibious, 8 rings, camouflage 1, gelatinous body 1,
(nimble swimmer 1), tentacles
a: no special abilities


You were on level 5 of the Dungeon.
You visited 1 branch of the dungeon, and saw 5 of its levels.

You collected 188 gold pieces.
You spent 155 gold pieces at shops.

Inventory:

Hand Weapons
 e - a +0 dagger (weapon)
Missiles
 m - 8 stones
Jewellery
 h - a +6 ring of intelligence (left tentacle)
Scrolls
 a - 3 scrolls of identify {unknown}
 b - a scroll of enchant weapon {unknown}
 f - 5 scrolls of teleportation
 i - 2 scrolls of vulnerability
 n - a scroll of holy word {unknown}
 o - a scroll of enchant armour {unknown}
 p - a scroll of fog
Potions
 c - 3 potions of curing {unknown}
 d - 2 potions of haste {unknown}
 g - a potion of magic
 j - a potion of lignification {unknown}
 k - 4 potions of might {unknown}
 l - a potion of invisibility {unknown}
 q - a potion of mutation {unknown}


   Skills:
 - Level 0.1 Fighting
 - Level 2.0 Dodging
 - Level 3.1 Stealth
 - Level 0.2 Unarmed Combat
 + Level 4.2 Spellcasting
 - Level 4.0 Transmutations
 * Level 6.7 Earth Magic


You had 6 spell levels left.
You knew the following spells:

 Your Spells              Type           Power      Damage    Failure   Level
a - Sandblast             Erth           80%        2d17      1%          1
p - Petrify               Tmut/Erth      33%        N/A       9%          4
w - Stone Arrow           Conj/Erth      46%        3d9       6%          3

Your spell library contained the following spells:

 Spells                   Type           Power      Damage    Failure   Level
 Passwall                 Tmut/Erth      27%        N/A       1%          2
 Slow                     Hex            20%        N/A       9%          1
 Confusing Touch          Hex            5%         N/A       26%         3
 Vampiric Draining        Necr           5%         2d6       26%         3
 Lehudib's Crystal Spear  Conj/Erth      11%        10d4      100%        8
 Animate Armour           Summ/Erth      Unusable   N/A       N/A         4

Dungeon Overview and Level Annotations

Branches:
Dungeon (5/15)
 Temple: D:4-7

Altars:

Shops:
D:1 (?

Annotations:
D:2 1 runed translucent door, Crazy Yiuf
D:3 exclusion: downstairs


Innate Abilities, Weirdness & Mutations

You cannot wear most types of armour.
You are amphibious.
You can wear up to eight rings at the same time.
Your skin changes colour to match your surroundings (Stealth+).
Your rubbery body absorbs attacks. (AC +1, EV +1)
((You are camouflaged when in or above water. (Stealth+)))
You have tentacles for arms and can constrict up to eight enemies at once.


Message History

The blast of sand hits the orc!!
You kill the orc!
Something hits you.
Casting: Sandblast (safe; 1% risk of failure)
Confirm with . or Enter, or press ? or * to list all spells.
You don't have enough magic to cast this spell.
Unknown command.
Casting: Sandblast (safe; 1% risk of failure)
Confirm with . or Enter, or press ? or * to list all spells.
You don't have enough magic to cast this spell.
Unknown command.
You closely miss something. You squeeze something. Something hits you.
* * * LOW HITPOINT WARNING * * *
You closely miss something. Something hits you.
* * * LOW HITPOINT WARNING * * *
It was a potion of magic.
Magic courses through your body. Something hits you.
* * * LOW HITPOINT WARNING * * *
Okay, then.
Casting: Sandblast (safe; 1% risk of failure)
Confirm with . or Enter, or press ? or * to list all spells.
Okay, then.
Casting: Sandblast (safe; 1% risk of failure)
Confirm with . or Enter, or press ? or * to list all spells.
Aiming: Stone Arrow (dangerous; 6% risk of failure)
Press: ? - help, Shift-Dir - straight line Something hits you.
* * * LOW HITPOINT WARNING * * *
Unknown command.
Casting: Stone Arrow (dangerous; 6% risk of failure)
Confirm with . or Enter, or press ? or * to list all spells.
Aiming: Sandblast (safe; 1% risk of failure)
Press: ? - help, Shift-Dir - straight line Something barely misses you.
Unknown command.
Casting: Sandblast (safe; 1% risk of failure)
Confirm with . or Enter, or press ? or * to list all spells.
Aiming: Sandblast (safe; 1% risk of failure)
Press: ? - help, Shift-Dir - straight line Something hits you.
You die...

#.##..#########
#.##...........
#.##.#########.
#.##†##........
#.##.....#####.
####.#####..# ##
#....# #..# #
#.#### #..# # #@#
#..# # #{# ##..#
# #)# +...######
#)# #.........
... ####....#####
..# ......>...#.#
#... ......###..#
#.###......###.##
#. ##...#.##.## #


There were no monsters in sight!

Vanquished Creatures
  Sigmund (D:4)
  2 ogres (D:4)
  2 scorpions
  A howler monkey (D:4)
  2 hounds (D:4)
  3 orc priests
  A hound skeleton (D:4)
  3 adders
  3 worms
  5 dart slugs
  15 orcs
  4 ball pythons
  5 endoplasms
  2 giant cockroaches (D:1)
  7 goblins
  5 hobgoblins
  4 jackals (D:2)
  3 quokkas
  7 bats
  3 frilled lizards
  4 kobolds
  6 rats
88 creatures vanquished.

Notes
Turn   | Place    | Note
-------+----------+-------------------------------------------
     0 | D:1      | Atelerd the Octopode Earth Elementalist began the quest for
                  | the Orb.
     0 | D:1      | Reached XP level 1. HP: 11/11 MP: 3/3
   206 | D:1      | Found Vage's Weapon Shop.
   217 | D:1      | Found Roweitz's Jewellery Shop.
   222 | D:1      | Reached XP level 2. HP: 17/17 MP: 3/5
   531 | D:1      | Found Qevosk's Magic Scroll Shop.
   886 | D:1      | Reached XP level 3. HP: 21/21 MP: 4/6
  1445 | D:2      | Reached skill level 4 in Earth Magic
  1596 | D:2      | Reached XP level 4. HP: 27/27 MP: 5/7
  1601 | D:2      | Learned a level 4 spell: Petrify
  1642 | D:2      | Found a runed translucent door.
  1643 | D:2      | Noticed Crazy Yiuf
  2812 | D:4      | Noticed an ogre
  2818 | D:4      | Reached XP level 5. HP: 27/31 MP: 5/9
  2830 | D:4      | Killed an ogre
  3172 | D:4      | Reached skill level 5 in Earth Magic
  3172 | D:4      | Reached XP level 6. HP: 36/36 MP: 6/10
  3289 | D:4      | Learned a level 3 spell: Stone Arrow
  3910 | D:4      | Reached XP level 7. HP: 41/41 MP: 1/12
  4054 | D:4      | Noticed Sigmund
  4058 | D:4      | Killed Sigmund
  4059 | D:4      | Reached skill level 6 in Earth Magic
  4485 | D:1      | Bought a scroll of teleportation for 30 gold pieces
  4485 | D:1      | Bought a scroll of fog for 20 gold pieces
  4485 | D:1      | Bought a scroll of teleportation for 30 gold pieces
  4485 | D:1      | Bought a scroll of vulnerability for 75 gold pieces
  4521 | D:5      | Entered Level 5 of the Dungeon
  4627 | D:5      | HP: 1/41 [something (3)]
  4629 | D:5      | Slain by an orc wizard

Illustrated notes

Levels and vault maps discovered:
D:1:      wander_arrival_abandoned_jail, layout_rooms, serial_shops,
          nicolae_shop_hallway_stairs, shop, nicolae_shop_behind_doors,
          chequers_serial_rivers_large_a,
          nicolae_concentric_dashed_squares_mild, chequers_serial_rivers_micro_b
D:2:      layout_basic, corexii_item_surrounded_by_moat, uniq_crazy_yiuf_cottage
D:3:      layout_rooms
D:4:      layout_rooms, uniq_sigmund
D:5:      layout_loops_ring, minmay_misc_feat_pillars, minmay_ogre_servants

Skill      XL: |  1  2  3  4  5  6  7 |
---------------+----------------------+-----
Stealth        | 3 |  3.1
Earth Magic    | 4 5 6 |  6.7
Transmutations | 2 3 4 |  4.0
Spellcasting   | 3 4 |  4.2
Fighting       | |  0.1
Dodging        | |  2.0
Unarmed Combat | |  0.2

Action                   |  1- 3 |  4- 6 |  7- 9 || total
-------------------------+-------+-------+-------++-------
Melee: Dagger            |    18 |    40 |    12 ||    70
       Constrict         |    10 |    16 |     2 ||    28
       Unarmed           |     3 |       |       ||     3
       Tentacles         |     7 |    14 |     5 ||    26
       Punch             |       |     1 |       ||     1
 Cast: Sandblast         |    39 |    43 |     5 ||    87
       Petrify           |       |     2 |       ||     2
       Stone Arrow       |       |     9 |     8 ||    17
  Use: Potion            |       |       |     1 ||     1
 Stab: Sleeping          |       |     3 |     1 ||     4
       Petrified         |       |     5 |       ||     5
Armor: Skin              |     2 |     2 |     2 ||     6
Dodge: Dodged            |    21 |    40 |     7 ||    68
